 Dungeon Crawl Stone Soup version 0.32-a0-473-gd044c6f (webtiles) character file.

Game seed: 5159208365512690447

52 Remcycle the Slasher (level 3, -1/31 HPs)
             Began as a Draconian Monk on Feb 25, 2024.
             Slain by a gnoll
             ... wielding a +0 spear
              (6 damage)
             ... on level 2 of the Dungeon.
             The game lasted 00:01:43 (827 turns).

Remcycle the Slasher (Draconian Monk)                Turns: 827, Time: 00:01:44

Health: -1/31      AC:  5    Str: 15    XL:     3   Next: 60%
Magic:  0/3        EV: 13    Int: 10    God:
Gold:   93         SH:  0    Dex: 19    Spells: 2/2 levels left

rFire   . . .        a - +0 falchion
rCold   . . .        c - orb {light}
rNeg    . . .        (body armour unavailable)
rPois   .            (helmet restricted)
rElec   .            (no cloak)
rCorr   .            (no gloves)
SInv    .            (no boots)
Will    .....        i - amulet of guardian spirit
Stlth   +            g - +6 ring of dexterity
HPRegen 0.25/turn    (no ring)
MPRegen 0.08/turn

%: guardian spirit
@: confused, lethally poisoned (-1 -> -3), ambrosia-drunk, glowing
A: AC +5, unfitting armour, cold-blooded
a: no special abilities


You were on level 2 of the Dungeon.
You visited 1 branch of the dungeon, and saw 2 of its levels.

You collected 93 gold pieces.

Inventory:

Hand Weapons
 a - a +0 falchion (weapon)
Armour
 c - an orb of light (worn)
Jewellery
 g - a +6 ring of dexterity (left hand)
 i - an amulet of guardian spirit (around neck)
Scrolls
 e - a scroll of immolation {unknown}
 h - a scroll of fog {unknown}
Potions
 d - a potion of mutation {unknown}
 f - a potion of magic {unknown}


   Skills:
 - Level 3.2 Fighting
 + Level 4.6 Long Blades
 - Level 2.6 Dodging


You had 2 spell levels left.
You didn't know any spells.
Your spell library contained the following spells:

 Spells                   Type           Power      Damage    Failure   Level
 Mercury Vapours          Alch/Air       0%         N/A       50%         2
 Mephitic Cloud           Conj/Alch/Air  0%         N/A       75%         3
 Freezing Cloud           Conj/Ice/Air   0%         6-21      100%        5


Dungeon Overview and Level Annotations

Branches:
Dungeon (2/15)

Altars:


Innate Abilities, Weirdness & Mutations

Your plain brown scales are hard. (AC +5)
You cannot fit into any form of body armour.
You are cold-blooded and may be slowed by cold attacks.


Message History

The gnoll shouts! x2; You hear a shout!
A gnoll comes into view. It is wielding a +2 halberd of venom.
A gnoll comes into view. It is wielding a +0 whip.
The gnoll shouts!
The kobold misses you.
You slash the kobold!
You kill the kobold!
You barely miss the rat.
You tail-slap the rat, but do no damage.
The gnoll hits you from afar with a +0 spear.
The rat bites you. The adder bites you but does no damage.
You slash the adder!
The adder is almost dead.
The adder bites you but does no damage. The gnoll hits you but does no damage.
The rat barely misses you.
The gnoll hits you from afar with a +2 halberd of venom!
You are poisoned.
You are too injured to fight recklessly!
You are too injured to fight recklessly!
You feel sick. The gnoll hits you with a +0 spear. The rat closely misses you.
The gnoll misses you.
Things that are here:
21 gold pieces; a +0 short sword You slash the gnoll!
You tail-slap the gnoll, but do no damage.
The gnoll is severely wounded.
You feel sick. The adder barely misses you. The gnoll barely misses you.
The rat barely misses you. The gnoll barely misses you.
The adder barely misses you.
You slash the gnoll!
You kill the gnoll!
You feel sick. The adder misses you. The gnoll hits you with a +0 whip.
* * * LOW HITPOINT WARNING * * *
The gnoll hits you but does no damage. The rat barely misses you.
You are confused.
You feel invigorated.
You feel sick. The adder misses you. The gnoll hits you with a +0 whip.
* * * LOW HITPOINT WARNING * * *
The gnoll hits you with a +0 spear!
You die...

# ...............
########.#>.....
.. #.........
###.###.##.#####
.<.!............
#..........####
...........#
##.......S.#
#.......r@#
#.......ggg.....#
#...............#
#...............#
.......###.......#
###.... #?......#
#.... #...##+## ..
....#


You could see 3 gnolls, an adder and a rat.

Vanquished Creatures
  An adder (D:2)
  A gnoll (D:2)
  A ribbon worm (D:2)
  2 ball pythons (D:1)
  An endoplasm (D:1)
  2 goblins
  2 hobgoblins (D:1)
  9 jackals (D:1)
  A kobold (D:2)
  A quokka (D:1)
  2 bats
  4 frilled lizards (D:1)
  2 rats (D:1)
29 creatures vanquished.

Notes
Turn   | Place    | Note
-------+----------+-------------------------------------------
     0 | D:1      | Remcycle the Draconian Monk began the quest for the Orb.
     0 | D:1      | Reached XP level 1. HP: 19/19 MP: 1/1
   289 | D:1      | Reached XP level 2. HP: 26/26 MP: 2/2
   473 | D:1      | Reached skill level 4 in Long Blades
   670 | D:1      | Found a faded altar of an unknown god.
   707 | D:2      | Reached XP level 3. HP: 25/31 MP: 3/3
   827 | D:2      | Slain by a gnoll

Illustrated notes

Levels and vault maps discovered:
D:1:      sevenhm_arrival_forest_fort_small_5, layout_basic, serial_forest,
          infiniplex_forest_lined_ring, infiniplex_forest_straight_2,
          infiniplex_forest_end_1, infiniplex_forest_lined_1,
          infiniplex_forest_lined_room_2, infiniplex_forest_clump_medium,
          dreamdust_ecumenical_altar_angels_and_demons, minmay_misc_feat_columns
D:2:      layout_basic

Skill      XL: |  1  2 |
---------------+-------+-----
Long Blades    | 4 |  4.6
Fighting       | |  3.2
Dodging        | |  2.6

Action                     || total
---------------------------++-------
  Melee: Falchion          ||    79
         Tailslap          ||    11
    Use: Potion            ||     1
 Armour: Skin              ||    53
  Dodge: Dodged            ||    98

Table legend: (Time is in decaauts)
 A = Elapsed time spent in this place.
 B = Non-inter-level travel time spent in this place.
 C = Inter-level travel time spent in this place.
 D = Time resting spent in this place.
 E = Time spent auto-exploring this place.
 F = Levels seen in this place.
 G = Mean time per level.
                   A        B        C        D        E       F      G
               +--------+--------+--------+--------+--------+-----+--------+
         Total |    840 |    818 |     22 |     56 |    600 |   2 |  420.0 |
       Dungeon |    840 |    818 |     22 |     56 |    600 |   2 |  420.0 |
               +--------+--------+--------+--------+--------+-----+--------+

Top non-repeatable levels by time:
     D:1: 710 daAuts
     D:2: 129 daAuts
